 Dungeon Crawl Stone Soup version 0.31-a0-217-g58bb5d79cf (webtiles) character file.

Game seed: 18313154173094929084

25 qw the Shooter (level 2, 0/24 HPs)
             Began as a Minotaur Hexslinger on July 2, 2023.
             Slain by Robin
             ... wielding a +2 spear of flaming
              (3 damage)
             ... on level 2 of the Dungeon.
             The game lasted 00:00:16 (525 turns).

qw the Shooter (Minotaur Hexslinger)                 Turns: 525, Time: 00:00:17

Health: 0/24       AC:  3    Str: 12    XL:     2   Next: 86%
Magic:  2/2        EV: 16    Int: 10    God:
Gold:   70         SH:  0    Dex: 12    Spells: 2/3 levels left

rFire   . . .        Y - +1 sling
rCold   . . .        (no shield)
rNeg    . . .        d - +0 leather armour
rPois   .            (helmet restricted)
rElec   .            (no cloak)
rCorr   .            (no gloves)
SInv    .            (no boots)
Will    .....        (no amulet)
Stlth   +            e - +5 ring of evasion
HPRegen 0.24/turn    (no ring)
MPRegen 0.08/turn

%: no passive effects
@: no status effects
A: horns 2, retaliatory headbutt
a: no special abilities


You were on level 2 of the Dungeon.
You visited 1 branch of the dungeon, and saw 2 of its levels.

You collected 70 gold pieces.


Innate Abilities, Weirdness & Mutations

You have a pair of horns on your head.
You reflexively headbutt those who attack you in melee.


   Skills:
 - Level 2.0 Fighting
 + Level 3.5 Ranged Weapons
 - Level 2.1 Dodging
 - Level 1.0 Spellcasting
 - Level 2.0 Hexes


You had 2 spell levels left.
You knew the following spells:

 Your Spells              Type           Power      Damage    Failure   Level
a - Slow                  Hex            16%        N/A       19%         1

Your spell library contained the following spells:

 Spells                   Type           Power      Damage    Failure   Level
 Inner Flame              Hex/Fire       2%         N/A       65%         3
 Portal Projectile        Hex/Tloc       4%         N/A       65%         3
 Cause Fear               Hex            2%         N/A       88%         4

Inventory:

Hand Weapons
 Y - a +1 sling (weapon)
Armour
 d - a +0 leather armour (worn)
Jewellery
 e - a +5 ring of evasion (left hand)
Potions
 c - a potion of curing {unknown}
 g - a potion of enlightenment {unknown}
 h - a potion of might {unknown}
 i - a potion of haste {unknown}

Dungeon Overview and Level Annotations

Branches:
Dungeon (2/15)

Altars:

Annotations:
D:2 Robin


Message History

The goblin hits you with a +0 club. Robin completely misses you.
You shoot a sling bullet. The sling bullet hits the goblin!
You kill the goblin!
Robin's bangles clink loudly.
Robin hits you from afar with a +2 spear of flaming.
Robin burns you. The goblin misses you. Robin throws the goblin at you!
The goblin hits you with a +0 club. The goblin misses you.
You shoot a sling bullet. The sling bullet hits the goblin!
You kill the goblin!
You feel your willpower return.
You hear a shout!
The goblin closely misses you.
Robin roars a battlecry!
You shoot a sling bullet.
The sling bullet barely misses the goblin.
Robin hits you but does no damage. The goblin hits you with a +0 club.
You shoot a sling bullet. The sling bullet hits the goblin.
You kill the goblin!
Robin hits you but does no damage.
You shoot a sling bullet. The sling bullet hits Robin.
Robin is lightly wounded.
Robin hits you from afar with a +2 spear of flaming.
Robin burns you. Robin misses you.
You shoot a sling bullet. The sling bullet closely misses Robin.
Robin completely misses you.
You shoot a sling bullet. The sling bullet closely misses Robin.
Robin closely misses you.
You shoot a sling bullet. The sling bullet hits Robin.
Robin is moderately wounded.
You hear a shout!
Robin barely misses you.
You hear a shout!
You shoot a sling bullet. The sling bullet hits Robin.
Robin is heavily wounded.
You hear a shout!
Robin barely misses you. Robin closely misses you.
You shoot a sling bullet. The sling bullet hits Robin.
Robin is severely wounded.
Robin hits you from afar with a +2 spear of flaming.
You die...

#.# ... #..
#.# # #$#.#
##$#.#
#.###.)..##...
#.....@)..%...
#####<)..##..~
.........#g#
##########g# #


You could see Robin and a hobgoblin (strong).

Vanquished Creatures
  An endoplasm (D:1)
  5 goblins
  2 hobgoblins
  A quokka (D:1)
  2 ball pythons
  3 bats (D:1)
  3 frilled lizards (D:1)
  5 kobolds
  2 rats (D:1)
24 creatures vanquished.

Notes
Turn   | Place    | Note
-------+----------+-------------------------------------------
     0 | D:1      | qw the Minotaur Hexslinger began the quest for the Orb.
     0 | D:1      | Reached XP level 1. HP: 16/16 MP: 1/1
     0 | D:1      | 0 ||| qw: Version: 0.3-a-40-ge99b1a8
     0 | D:1      | 0 ||| qw: Game counter: 164
     0 | D:1      | 0 ||| qw: Melee chars always use a shield: true
     0 | D:1      | 0 ||| qw: God list: Okawaru
     0 | D:1      | 0 ||| qw: Allow faded altars: false
     0 | D:1      | 0 ||| qw: Do Orc after clearing Dungeon:15 true
     0 | D:1      | 0 ||| qw: Do second Lair branch before Depths: true
     0 | D:1      | 0 ||| qw: Lair rune preference: random
     0 | D:1      | 0 ||| qw: Goals: Normal
     0 | D:1      | 0 ||| PLANNING D:1-11
   147 | D:1      | Reached skill level 3 in Ranged Weapons
   147 | D:1      | Reached XP level 2. HP: 23/23 MP: 2/2
   246 | D:1      | 246 ||| UPGRADING to +0 leather armour.
   291 | D:1      | 291 ||| DROPPING +0 robe.
   485 | D:1      | 485 ||| UPGRADING to +5 ring of evasion.
   486 | D:1      | 486 ||| READING scroll labelled TEEGOA YTEMPOC.
   487 | D:1      | 487 ||| READING scroll labelled SAREKO ZU TULI.
   488 | D:1      | 488 ||| READING scroll labelled HED YVIAZXUMO ZEIPN.
   489 | D:1      | 489 ||| DROPPING scroll of poison.
   512 | D:2      | Noticed Robin
   516 | D:2      | HP: 6/24 [goblin/+0 club[Robin] (5)]
   520 | D:2      | HP: 2/24 [Robin/+2 spear of flaming (1)]
   525 | D:2      | Slain by Robin

Levels and vault maps discovered:
D:1:      scummos_arrival_checkerplants, layout_basic, serial_glass,
          glass_columns_b, glass_columns_c, corexii_corridor_pit,
          glass_columns_a, minmay_heptomino_d4
D:2:      cheibrodos_helix_gallery, layout_loops_ring, basic_altar,
          uniq_natasha, uniq_robin

Skill      XL: |  1  2 |
---------------+-------+-----
Ranged Weapons | 3 |  3.5
Fighting       | 2 |  2.0
Dodging        | |  2.1
Spellcasting   | |  1.0
Hexes          | |  2.0

Action                     || total
---------------------------++-------
   Fire: Sling             ||    65
    Use: Scroll            ||     3
 Armour: Robe              ||     2
         Leather armour    ||     6
  Dodge: Dodged            ||    35

Table legend:
 A = Non-vault XP
 B = Vault XP
 C = Vault XP percentage of total XP
 D = Non-vault monster count
 E = Vault monster count
 F = Vault count percentage of total count
                 A         B        C        D         E       F
            +---------+---------+-------+---------+---------+-------
      Total |      24 |      13 |  35.1 |      16 |       8 |  33.3
            +---------+---------+-------+---------+---------+-------
        D:1 |      20 |       3 |  13.0 |      14 |       3 |  17.6
        D:2 |       4 |      10 |  71.4 |       2 |       5 |  71.4
            +---------+---------+-------+---------+---------+-------
